 Dungeon Sprint DCSS version 0.23.1-37-gaa34b87 (webtiles) character file.

Game seed: 13188410590063890093

33 nuthulu the Fighter (level 8, -8/78 HPs)
             Began as a Formicid Fighter on Mar 20, 2019.
             Was a Believer of Qazlal.
             Mangled by a merfolk
             ... wielding a +0 trident
              (26 damage)
             ... in the Dungeon (Sprint VI: "Thunderdome").
             The game lasted 00:01:41 (418 turns).

nuthulu the Fighter (Formicid Fighter)               Turns: 418, Time: 00:01:42

Health: -8/78      AC:  7    Str: 24    XL:     8   Next: 7%
Magic:  8/8        EV:  8    Int: 17    God:    Qazlal [**....]
Gold:   70         SH: 13    Dex: 10    Spells: 7/7 levels left

rFire    . . .     SeeInvis +   a - +0 war axe
rCold    + . .     Gourm    .   c - +0 shield
rNeg     + . .     Faith    .   b - +0 scale mail
rPois    .         Spirit   .   (helmet unavailable)
rElec    .         Reflect  .   (no cloak)
rCorr    .         Harm     .   (no gloves)
MR       +....                  (no boots)
Stlth    ..........             p - amulet of Past Mistakes {+Rage Int+4}
HPRegen  0.23/turn              r - ring "Faaka" {*Contam rC+ rN+ MR+ Int+3}
MPRegen  0.11/turn              s - ring "Ulemy" {Int+3 Slay+1}

@: no status effects
A: permanent stasis, dig shafts and tunnels, four strong arms, antennae 3
a: Dig, Upheaval, Renounce Religion


You were in the Dungeon.
You worshipped Qazlal.
Qazlal was pleased with you.
You were not hungry.

You visited 1 branch You collected 250 gold pieces.
You spent 180 gold pieces at shops.

Inventory:

Hand Weapons
 a - a +0 war axe (weapon)
Armour
 b - a +0 scale mail (worn)
 c - a +0 shield (worn)
Jewellery
 p - the amulet of Past Mistakes (around neck) {+Rage Int+4}
   (You bought it in a shop in the Dungeon)

   [amulet of rage]

   It affects your intelligence (+4).
   It lets you go berserk.
 q - the ring of Rugyjel {Ice Int+2}
   (You bought it in a shop in the Dungeon)

   [ring of ice]

   It enhances your ice magic.
   It affects your intelligence (+2).
   It makes you vulnerable to fire.
   It protects you from cold.
 r - the ring "Faaka" (left hand) {*Contam rC+ rN+ MR+ Int+3}
   (You bought it in a shop in the Dungeon)

   [ring of intelligence]

   It affects your intelligence (+3).
   It protects you from cold.
   It protects you from negative energy.
   It affects your resistance to hostile enchantments.
   It causes magical contamination when unequipped.
 s - the ring "Ulemy" (right hand) {Int+3 Slay+1}
   (You bought it in a shop in the Dungeon)

   [ring of slaying]

   It affects your intelligence (+3).
   It affects your accuracy and damage with ranged weapons and melee attacks
   (+1).
Wands
 l - a wand of acid (5)
 m - a wand of iceblast (5)
Scrolls
 k - 4 scrolls of blinking
 n - 3 scrolls of fog
Potions
 e - a potion of curing
 g - a potion of heal wounds
 h - 4 potions of haste
 i - 2 potions of magic
 j - a potion of berserk rage
 o - a potion of resistance
Comestibles
 f - a ration


   Skills:
 + Level 12.7 Fighting
 + Level 11.6 Axes
 - Level 3.7 Armour
 - Level 4.1 Shields


You had 7 spell levels left.
You didn't know any spells.
Your spell library was empty.

Dungeon Overview and Level Annotations

Branches:
Dungeon (1/1)

Altars:
Cheibriados
Dithmenos
Fedhas
Gozag
Kikubaaqudgha
Makhleb
Okawaru
Qazlal
Ru
Sif Muna
Trog
Uskayaw
Vehumet
Wu Jian
Xom
Yredelemnul
Zin
The Shining One
Beogh
Jiyva
Lugonu

Shops:
D *[%??*?*:[((!!!!


Innate Abilities, Weirdness & Mutations

You cannot be hasted, slowed, berserked, paralysed or teleported.
You can dig through walls and to a lower floor.
Your four strong arms can wield two-handed weapons with a shield.
You have a pair of large antennae on your head. (SInv)


Message History

You barely miss the merfolk.
The merfolk is moderately wounded.
The centaur shoots an arrow.
You block the arrow. The merfolk hits you with a +0 trident.
The centaur shoots an arrow.
The arrow barely misses you. The merfolk completely misses you.
The centaur shoots an arrow.
You block the arrow.
You see here an arrow.
You slice the merfolk!!
The merfolk is severely wounded.
The centaur shoots an arrow.
The arrow barely misses you. The merfolk hits you with a +0 trident!
* * * LOW HITPOINT WARNING * * *
The centaur unwields a +0 shortbow.
The centaur barely misses you. You block the merfolk's attack.
You barely miss the merfolk.
The merfolk is severely wounded.
You hit the centaur. You block the centaur's attack. x2
The merfolk hits you with a +0 trident!!
You die...

#⌠..........# #.<.# #...(......
#⌠........(.###...###..........
##........((...###.............
###∩......(.8.# #.8........∩##
##∩___......###.)....___∩##
######.8..(..()).8.######
#⌠..(...÷....⌠# ###.m(......###
#_.@§...._# #_..c...._#
#_......._# #∩.......∩#
##∩.....∩## ##.....## ##⌠⌠⌠##
#####


You could see a merfolk and a centaur.

Vanquished Creatures
  A cyclops (D)
  2 phantoms (D)
  A centaur (D)
  2 big kobolds (D)
  Ijyb (D)
  An adder skeleton (D)
  A hobgoblin (D)
  A ball python skeleton (D)
  2 goblins (D)
12 creatures vanquished.

Notes
Turn   | Place    | Note
-------+----------+-------------------------------------------
     0 | D        | nuthulu the Formicid Fighter began the quest for the Orb.
     0 | D        | Reached XP level 1. HP: 18/18 MP: 1/1
     1 | D        | Found a basalt altar of Yredelemnul.
     1 | D        | Found a roughly hewn altar of Beogh.
     2 | D        | Found a burning altar of Makhleb.
     2 | D        | Found an iron altar of Okawaru.
     3 | D        | Found a sacrificial altar of Ru.
     3 | D        | Found a bloodstained altar of Trog.
     4 | D        | Found Elaragg's Identification Station.
     4 | D        | Found a blossoming altar of Fedhas.
     4 | D        | Found Ohyfacil's Delicious Food.
     5 | D        | Found Poedukh's Advanced Armour.
     5 | D        | Found Tetivod's Jewellery.
     5 | D        | Round 1.
     8 | D        | Found an opulent altar of Gozag.
    13 | D        | Bought a sparkling brass amulet for 45 gold pieces
    13 | D        | Bought a transparent copper ring for 45 gold pieces
    13 | D        | Bought a transparent lead ring for 45 gold pieces
    13 | D        | Identified the ring "Faaka" {*Contam rC+ rN+ MR+ Int+3}
                  | (You bought it in a shop in the Dungeon)
    14 | D        | Identified the amulet of Past Mistakes {+Rage Int+4} (You
                  | bought it in a shop in the Dungeon)
    15 | D        | Identified the ring of Rugyjel {Ice Int+2} (You bought it
                  | in a shop in the Dungeon)
    26 | D        | Bought a translucent glass ring for 45 gold pieces
    27 | D        | Identified the ring "Ulemy" {Int+3 Slay+1} (You bought it
                  | in a shop in the Dungeon)
    29 | D        | Noticed a phantom
    29 | D        | Noticed a phantom
    33 | D        | Found a snail-covered altar of Cheibriados.
    34 | D        | Found Cawy's Premium Goods.
    52 | D        | Killed a phantom
    52 | D        | Reached skill level 7 in Fighting
    52 | D        | Reached XP level 2. HP: 8/31 MP: 2/2
    52 | D        | Reached XP level 3. HP: 9/36 MP: 3/3
    52 | D        | Reached XP level 4. HP: 11/43 MP: 4/4
    56 | D        | Found a shadowy altar of Dithmenos.
    56 | D        | Found an ancient bone altar of Kikubaaqudgha.
    56 | D        | Found a corrupted altar of Lugonu.
    56 | D        | Found Nibydd's Weapon Rack.
    56 | D        | Found Leson's Miscellaneous Merchandise.
    56 | D        | Found Narop's Basic Armour.
    69 | D        | Killed a phantom
    69 | D        | Reached skill level 8 in Fighting
    69 | D        | Reached XP level 5. HP: 32/51 MP: 5/5
    72 | D        | Found a glowing golden altar of the Shining One.
    73 | D        | Found a deep blue altar of Sif Muna.
    74 | D        | Found a stormy altar of Qazlal.
    75 | D        | Found Tuoq's Do-It-Yourself Clinic.
    76 | D        | Found Qiusus's Bottled Wisdom.
    76 | D        | Found Ifagasuz's Distillery.
    77 | D        | Found an ornate altar of the Wu Jian Council.
    77 | D        | Found a shimmering altar of Xom.
    77 | D        | Found Ciczeu's Distillery.
    82 | D        | Became a worshipper of Qazlal Stormbringer
   175 | D        | Found a radiant altar of Vehumet.
   176 | D        | Found a glowing silver altar of Zin.
   177 | D        | Found a viscous altar of Jiyva.
   177 | D        | Found a hide-covered altar of Uskayaw.
   177 | D        | Found Fusugg's Staff Store.
   177 | D        | Found Ananuawa's Magic Scroll Shop.
   178 | D        | Found Qirphi Cua's Must-Have Magic.
   178 | D        | Found Joex's Magic Scroll Shop.
   185 | D        | Arena points: 5 (+5) [x1]
   200 | D        | Round 2.
   204 | D        | Noticed a big kobold
   204 | D        | Noticed a big kobold
   211 | D        | Killed a big kobold
   211 | D        | Reached skill level 9 in Fighting
   211 | D        | Reached XP level 6. HP: 52/60 MP: 6/6
   211 | D        | Noticed Ijyb
   215 | D        | Reached skill level 10 in Fighting
   218 | D        | Reached * piety under Qazlal
   223 | D        | Killed Ijyb
   230 | D        | Reached ** piety under Qazlal
   230 | D        | Arena points: 33 (+28) [x2]
   283 | D        | Round 3.
   292 | D        | Reached skill level 11 in Fighting
   292 | D        | Reached skill level 10 in Axes
   292 | D        | Reached XP level 7. HP: 55/68 MP: 7/7
   305 | D        | Noticed a cyclops
   317 | D        | Killed a cyclops
   317 | D        | Reached skill level 12 in Fighting
   317 | D        | Reached XP level 8. HP: 26/78 MP: 8/8
   407 | D        | Noticed a merfolk
   418 | D        | Mangled by a merfolk

Skill      XL: |  1  2  3  4  5  6  7 |
---------------+----------------------+-----
Shields        | 4 |  4.1
Fighting       | 7 8 9 11 12 | 12.7
Axes           | 6 7 8 10 11 | 11.6
Armour         | |  3.7

Action                   |  1- 3 |  4- 6 |  7- 9 || total
-------------------------+-------+-------+-------++-------
Melee: War axe           |    17 |    25 |    10 ||    52
  Use: Potion            |     3 |     1 |       ||     4
Armor: Scale mail        |    10 |     4 |       ||    14
Dodge: Dodged            |     6 |     7 |     5 ||    18
Block: Shield            |    11 |    15 |    10 ||    36
